 Dungeon Crawl Stone Soup version 0.17.1-3-g152610e (webtiles) character file.

103 juanjsm the Ruffian (level 4, -3/45 HPs)
             Began as a Troll Berserker on Mar 2, 2016.
             Was a Believer of Trog.
             Slain by bollicks1999's ghost (14 damage)
             ... on level 3 of the Dungeon.
             The game lasted 00:11:32 (1628 turns).

juanjsm the Ruffian (Troll Berserker)               Turns: 1628, Time: 00:11:33

Health: -3/45      AC:  5    Str: 26    XL:     4   Next: 51%
Magic:  3/3        EV: 10    Int:  3    God:    Trog [**....]
Gold:   63         SH:  0    Dex:  9    Spells: 0 memorised, 3 levels left

rFire  . . .     SeeInvis .       - Unarmed
rCold  . . .     Clarity  .     a - +0 animal skin
rNeg   . . .     SustAt   .     (no shield)
rPois  .         Gourm    +     (helmet restricted)
rElec  .         Spirit   .     (no cloak)
rCorr  .         Warding  .     (gloves unavailable)
rMut   .         Stasis   .     (boots unavailable)
MR     .....                    (no amulet)
Stlth  +.........               (no ring)
                                n - ring of flight

@: not resistant to hostile enchantments, very unstealthy
A: unfitting armour, claws 3, fast metabolism 3, gourmand, regeneration 2,
shaggy fur 1, tough skin 2
a: Berserk, Trog's Hand, Burn Spellbooks, Renounce Religion, Evoke Flight


You were on level 3 of the Dungeon.
You worshipped Trog.
Trog was pleased with you.
You were very full.

You visited 1 branch of the dungeon, and saw 3 of its levels.

You collected 63 gold pieces.

Inventory:

Hand Weapons
 h - a +2 short sword of protection
Armour
 a - a +0 animal skin (worn)
 g - a +1 ring mail of magic resistance
Jewellery
 n - a ring of flight (left claw)
Scrolls
 d - 2 scrolls of amnesia {unknown}
 f - 2 scrolls of enchant weapon {unknown}
 l - a scroll of teleportation {unknown}
 m - a scroll of identify {unknown}
 o - a scroll of remove curse {unknown}
Potions
 e - a potion of curing {unknown}
 j - a potion of lignification {unknown}
Comestibles
 b - 4 bread rations
 c - a royal jelly
 i - a slice of pizza
 k - 3 fruits
 p - a meat ration


   Skills:
 + Level 3.4 Fighting
 + Level 3.1 Dodging
 + Level 3.7 Unarmed Combat


You had 3 spell levels left.
You didn't know any spells.

Dungeon Overview and Level Annotations

Branches:
Dungeon (3/15)

Altars:
Dithmenos
Kikubaaqudgha
Sif Muna
Zin
The Shining One

Annotations:
D:3 bollicks1999's ghost, amateur MiFi


Innate Abilities, Weirdness & Mutations

You are too large for most types of armour.
You have claws for hands.
Your metabolism is lightning-fast.
You like to eat raw meat.
You heal very quickly.
You are covered in fur (AC +1).
You have very tough skin (AC +2).


Message History

Bollicks1999's ghost is lightly damaged.
Bollicks1999's ghost screams, "They lied to you.
The Dungeon just goes down and down forever."
Bollicks1999's ghost hits you.
You claw bollicks1999's ghost!
Bollicks1999's ghost is moderately damaged.
Bollicks1999's ghost hits you!
You scratch bollicks1999's ghost but do no damage.
Bollicks1999's ghost is moderately damaged.
Bollicks1999's ghost hits you!
You scratch bollicks1999's ghost but do no damage.
Bollicks1999's ghost is moderately damaged.
Bollicks1999's ghost hits you.
* * * LOW HITPOINT WARNING * * *
You are too injured to fight recklessly!
You scratch bollicks1999's ghost but do no damage.
Bollicks1999's ghost is moderately damaged.
You barely miss bollicks1999's ghost.
Bollicks1999's ghost is moderately damaged.
Bollicks1999's ghost hits you!
You die...

##.....##r. ..# #.......#.#
#.# #.......#.# #.#
...._$....# #.# #.......#.##
#.# #.......#..## #.#
##.....##..r## #.####
####.####....###.##.####
..............##@......#######
....+.........rW..............
.####.........####...#.######
##.......## ##.##.# ##.....##
####.# ##.....# #####.#####
#########'##.# #.........#
.W.#.........# #.###.###.#
##.#....8....# #.# #.# #.#


You could see bollicks1999's ghost and a rat.

Vanquished Creatures
  Terence (D:3)
  3 adders (D:2)
  2 oozes
  3 worms (D:2)
  A giant gecko (D:2)
  An orc (D:3)
  4 hobgoblins
  8 kobolds
  A quokka (D:2)
  3 bats
  A giant newt (D:1)
  2 goblins
  8 rats
38 creatures vanquished.

Notes
Turn   | Place    | Note
--------------------------------------------------------------
     0 | D:1      | juanjsm the Troll Berserker began the quest for the Orb.
     0 | D:1      | Reached XP level 1. HP: 22/22 MP: 0/0
   154 | D:1      | Reached XP level 2. HP: 29/29 MP: 1/1
   730 | D:2      | Found a deep blue altar of Sif Muna.
   777 | D:2      | Reached ** piety under Trog
   859 | D:2      | Reached XP level 3. HP: 29/37 MP: 2/2
  1231 | D:2      | Reached XP level 4. HP: 40/45 MP: 3/3
  1331 | D:2      | Found an ancient bone altar of Kikubaaqudgha.
  1331 | D:2      | Found a glowing golden altar of the Shining One.
  1414 | D:2      | Found a shadowy altar of Dithmenos.
  1517 | D:3      | Found a faded altar to an unknown god.
  1519 | D:3      | Noticed bollicks1999's ghost (amateur MiFi)
  1565 | D:3      | Noticed Terence
  1582 | D:3      | Killed Terence
  1602 | D:3      | Found a glowing silver altar of Zin.
  1628 | D:3      | Slain by bollicks1999's ghost

Action                   |  1- 3 |  4- 6 || total
-------------------------+-------+-------++-------
Melee: Unarmed           |    84 |    21 ||   105
  Eat: Chunk             |    17 |     1 ||    18
